 Dungeon Crawl Stone Soup version 0.29-a0-275-g389c0b56f3 (webtiles) character file.

Game seed: 9765967078530305610

36559 CryoSword the Brawler (level 13, -5/131 HPs)
             Began as a Troll Berserker on Mar 9, 2022.
             Was a High Priest of Trog.
             Slain by a three-headed hydra (8 damage)
             ... on level 4 of the Lair of Beasts on Mar 10, 2022.
             The game lasted 00:22:22 (12417 turns).

CryoSword the Brawler (Troll Berserker)            Turns: 12417, Time: 00:22:23

Health: -5/131     AC:  9    Str: 36    XL:     13   Next: 53%
Magic:  12/12      EV: 20    Int:  5    God:    Trog [*****.]
Gold:   1206       SH:  0    Dex: 21    Spells: 12/12 levels left

rFire   + . .      SeeInvis .   w - +4 scimitar (flame)
rCold   . . .      Faith    .   (no shield)
rNeg    . . .      Spirit   .   r - +0 troll leather armour
rPois   .          Reflect  .   p - +2 hat
rElec   .          Harm     .   e - +0 cloak
rCorr   .          Rampage  .   (gloves unavailable)
Will    .....      NoCast   +   (boots unavailable)
Stlth   ++........              C - amulet of the Moon {-Cast Regen+ Str+4 Dex+5}
HPRegen 2.71/turn               g - +4 ring of evasion
MPRegen 0.13/turn               G - ring of Toigy {rF+ Str+4 Dex+5}

@: no status effects
A: large, unfitting armour, claws 3, regeneration 1, shaggy fur 1, tough skin 1
a: Renounce Religion, Berserk, Trog's Hand, Brothers in Arms


You were on level 4 of the Lair of Beasts.
You worshipped Trog.
Trog was extremely pleased with you.
You visited 2 branches of the dungeon, and saw 15 of its levels.

You collected 1407 gold pieces.
You spent 201 gold pieces at shops.

Inventory:

Hand Weapons
 w - a +4 scimitar of flaming (weapon)
   (You took it off Erica on level 2 of the Lair of Beasts)
Missiles
 b - 6 throwing nets
 c - 14 large rocks (quivered)
 v - 34 poisoned darts
 y - a curare-tipped dart
Armour
 e - a +0 cloak (worn)
   (You found it on level 1 of the Dungeon)
 p - a +2 hat (worn)
   (You found it on level 10 of the Dungeon)
 r - a +0 troll leather armour (worn)
   (You found it on level 9 of the Dungeon)
Jewellery
 g - a +4 ring of evasion (left claw)
   (You found it on level 2 of the Dungeon)
 t - a ring of see invisible
   (You found it on level 4 of the Dungeon)
 C - the amulet of the Moon (around neck) {-Cast Regen+ Str+4 Dex+5}
   (You found it on level 7 of the Dungeon)

   [amulet of regeneration]

   Str:       It affects your strength (+4).
   Dex:       It affects your dexterity (+5).
   -Cast:     It prevents spellcasting.
   Regen:     It increases your rate of health regeneration.
 D - a ring of fire
   (You found it on level 8 of the Dungeon)
 G - the ring of Toigy (right claw) {rF+ Str+4 Dex+5}
   (You found it on level 9 of the Dungeon)

   [ring of protection from fire]

   Str:       It affects your strength (+4).
   Dex:       It affects your dexterity (+5).
   rF:        It protects you from fire.
Wands
 a - a wand of digging (6)
   (You found it on level 9 of the Dungeon)
 A - a wand of iceblast (9)
   (You took it off an orc on level 7 of the Dungeon)
Scrolls
 d - a scroll of fear {unknown}
 h - 11 scrolls of teleportation {@r4}
 o - 7 scrolls of enchant armour {unknown}
 s - 2 scrolls of silence {unknown}
 u - 2 scrolls of holy word
 x - 3 scrolls of blinking {unknown}
 I - 2 scrolls of enchant weapon {unknown}
 L - a scroll of brand weapon {unknown}
 M - a scroll of magic mapping {unknown}
 N - a scroll of vulnerability {unknown}
Potions
 f - a potion of might
 i - 4 potions of attraction {!q}
 j - 3 potions of flight
 k - a potion of magic {unknown}
 m - a potion of invisibility {unknown}
 n - 6 potions of curing {@q1}
 q - 4 potions of haste {@q3}
 z - 3 potions of cancellation
 B - a potion of degeneration {unknown}
 E - a potion of berserk rage
 F - 3 potions of mutation {!q}
 H - a potion of ambrosia {unknown}
 K - a potion of resistance {unknown}
Miscellaneous
 J - a tin of tremorstones (2/2)
   (You found it on level 11 of the Dungeon)


   Skills:
 + Level 9.4 Fighting
 + Level 9.7 Throwing
 + Level 9.4 Dodging
 * Level 15.2 Unarmed Combat


You had 12 spell levels left.
You didn't know any spells.
Your spell library was empty.

Dungeon Overview and Level Annotations

Branches:
Dungeon (11/15)            Temple (0/1) D:4            Lair (4/6) D:9
 Spider (0/4) Lair:3
  Swamp: Lair:2-4    Shoals: Lair:2-4       Orc: D:9-12

Altars:
Elyvilon
Hepliaklqana
Kikubaaqudgha
Okawaru
Qazlal
Trog

Shops:
D:2 *(=((   D:6 =

Annotations:
D:5 3 runed translucent doors, Murumi's ghost, novice FoAK; anet's ghost, novice MiBe
D:9 1 runed translucent door, triki's ghost, novice GnCA


Innate Abilities, Weirdness & Mutations

You are too large for most types of armour.
You have claws for hands.
Your natural rate of healing is unusually fast.
You are covered in fur. (AC +1)
You have tough skin. (AC +1)


Message History

You kill the death yak!
Trog accepts your kill.
Your skin stops crawling.
You feel less strong-willed.
You mangle the death yak!! The death yak gores you.
You eviscerate the death yak!!! The death yak misses you.
You claw the death yak!
You kill the death yak!
Trog accepts your kill.
You mangle the death yak!! You scratch the death yak. The death yak gores you!
You mangle the death yak!! The death yak closely misses you.
You eviscerate the death yak!!!
You kill the death yak!
Trog accepts your kill.
Things that are here:
a death yak corpse; a death yak corpse
Found a stone staircase leading up.
I - 2 scrolls labelled FILOLESTR MUOGH (gained 1)
You now have 1206 gold pieces (gained 18).
A wolf comes into view.
You see here a scroll labelled NESA YVOVU.
A wolf is nearby!
A wolf is nearby!
A wolf is nearby!
A seven-headed hydra comes into view.
The wolf howls!
The seven-headed hydra roars!
You hear a howl!
You hear an angry hiss.
A wolf comes into view.
The wolf bites you but does no damage. The wolf barely misses you.
You scratch the wolf but do no damage. The wolf closely misses you.
A water moccasin comes into view.
You claw the wolf! Your claw misses the wolf. The wolf misses you.
A water moccasin comes into view.
You closely miss the wolf. The wolf misses you. The wolf completely misses you.
The wolf attacks as you move away! The wolf barely misses you.
The wolf closely misses you. The wolf bites you!
You mangle the wolf!!
You kill the wolf!
Trog accepts your kill. The wolf bites you.
You mangle the wolf!!
You kill the wolf!
Trog accepts your kill.
Your +4 scimitar of flaming bursts into flame!
w - a +4 scimitar of flaming (weapon)
The seven-headed hydra closely misses you.
The seven-headed hydra bites you!
The seven-headed hydra bites you but does no damage.
The seven-headed hydra misses you.
The seven-headed hydra barely misses you. x3
You hack one of the seven-headed hydra's heads off!
The flame cauterises the wound!
You slash the six-headed hydra! You burn the six-headed hydra.
You claw the six-headed hydra!
The six-headed hydra bites you. x2; The six-headed hydra bites you!
The six-headed hydra barely misses you.
The six-headed hydra bites you but does no damage.
The six-headed hydra bites you.
You chop one of the six-headed hydra's heads off!
The flame cauterises the wound!
You slash the five-headed hydra! You burn the five-headed hydra.
The water moccasin barely misses you. The five-headed hydra bites you!
The five-headed hydra bites you but does no damage.
The five-headed hydra misses you. x2
The five-headed hydra closely misses you.
The water moccasin bites you!
You lop one of the five-headed hydra's heads off!
The flame cauterises the wound!
You slash the four-headed hydra! You burn the four-headed hydra.
The water moccasin barely misses you. The four-headed hydra misses you.
The four-headed hydra bites you! x2
The four-headed hydra barely misses you.
The water moccasin bites you.
* * * LOW HITPOINT WARNING * * *
You are poisoned.
The water moccasin poisons you!
The four-headed hydra closely misses you.
The four-headed hydra bites you!
* * * LOW HITPOINT WARNING * * *
The four-headed hydra misses you.
The four-headed hydra bites you but does no damage.
You barely miss the four-headed hydra.
You feel very sick. The water moccasin barely misses you.
The four-headed hydra closely misses you.
The four-headed hydra barely misses you.
The four-headed hydra bites you but does no damage.
The four-headed hydra bites you.
* * * LOW HITPOINT WARNING * * *
The water moccasin bites you!
* * * LOW HITPOINT WARNING * * *
You barely miss the four-headed hydra.
You feel very sick. The water moccasin bites you!
* * * LOW HITPOINT WARNING * * *
The four-headed hydra bites you but does no damage.
The four-headed hydra misses you.
The four-headed hydra closely misses you.
The four-headed hydra bites you!
* * * LOW HITPOINT WARNING * * *
The water moccasin completely misses you.
The four-headed hydra barely misses you.
The four-headed hydra closely misses you. x2
The four-headed hydra bites you!
* * * LOW HITPOINT WARNING * * *
You feel much better.
You feel sick. The water moccasin bites you!
* * * LOW HITPOINT WARNING * * *
The four-headed hydra bites you but does no damage.
The four-headed hydra bites you!
* * * LOW HITPOINT WARNING * * *
The four-headed hydra misses you.
The four-headed hydra bites you but does no damage.
The water moccasin closely misses you.
You feel much better.
You feel sick. The water moccasin barely misses you.
The four-headed hydra bites you.
* * * LOW HITPOINT WARNING * * *
The four-headed hydra closely misses you.
The four-headed hydra completely misses you.
The four-headed hydra bites you!
* * * LOW HITPOINT WARNING * * *
You hack one of the four-headed hydra's heads off!
The flame cauterises the wound!
You hit the three-headed hydra. You burn the three-headed hydra.
You feel sick. The water moccasin bites you.
* * * LOW HITPOINT WARNING * * *
The three-headed hydra bites you!
* * * LOW HITPOINT WARNING * * *
The three-headed hydra completely misses you.
The three-headed hydra bites you!
* * * LOW HITPOINT WARNING * * *
The water moccasin closely misses you.
Okay, then.
You feel better. The water moccasin closely misses you.
The three-headed hydra bites you but does no damage. x3
You feel better. The water moccasin bites you.
* * * LOW HITPOINT WARNING * * *
You are poisoned.
The water moccasin poisons you! The three-headed hydra bites you.
* * * LOW HITPOINT WARNING * * *
The three-headed hydra bites you.
* * * LOW HITPOINT WARNING * * *
The three-headed hydra bites you!
* * * LOW HITPOINT WARNING * * *
The water moccasin bites you.
* * * LOW HITPOINT WARNING * * *
Okay, then.
You feel better. The water moccasin barely misses you.
The three-headed hydra bites you!
* * * LOW HITPOINT WARNING * * *
The three-headed hydra bites you.
* * * LOW HITPOINT WARNING * * *
The three-headed hydra bites you!
You die...

#..P....8....#### ##
#...#
....#......P...P#.P#
#...#
...#.P............##
...P..........#P....
...................
##.........#....#..
#P...P.....#......
#...##..?P......#
..#..##@S.....##
#.### ##D......#
#P.#S..$.#
#........#
#.....#...
##........ .........
......... .......S.


You could see a three-headed hydra and 2 water moccasins.

Vanquished Creatures
  2 hydras
  Erica (Lair:2)
  8 two-headed ogres
  9 death yaks
  Nergalle (D:10)
  Lodul (D:10)
  An orc sorcerer (D:10)
  An ugly thing (D:10)
  3 cyclopes (D:11)
  A black mamba (Lair:2)
  Joseph (D:10)
  A gargoyle (D:11)
  5 komodo dragons
  9 cane toads
  A rime drake (Lair:1)
  A polar bear (Lair:4)
  A troll (D:9)
  A hornet (D:8)
  16 blink frogs
  A shadow (D:10)
  9 basilisks
  A wyvern (D:8)
  A wraith (D:9)
  33 yaks
  2 steam dragons
  16 water moccasins
  An ice beast (D:3)
  3 orc warriors
  3 black bears
  4 sky beasts
  An ogre (D:10)
  15 wolves
  5 centaurs
  2 phantoms
  3 kobold brigands
  7 bullfrogs
  4 gnoll sergeants
  A scorpion (D:7)
  A wight (D:7)
  2 electric eels
  3 howler monkeys
  3 jellies
  5 orc priests
  A hound (D:7)
  A gnoll shaman (D:8)
  5 iguanas
  11 orc wizards
  5 hell rats (Lair:3)
  21 gnolls
  3 adders
  2 white imps
  2 worms (D:3)
  3 dart slugs
  35 orcs
  10 endoplasms
  5 giant cockroaches
  4 goblins
  5 hobgoblins
  7 jackals
  8 quokkas
  8 ball pythons
  4 bats (D:1)
  3 frilled lizards
  19 kobolds
  6 rats
358 creatures vanquished.

Vanquished Creatures (others)
  A bush (Lair:2)
  9 fungi
  22 plants
  5 withered plants (D:5)
37 creatures vanquished.

Grand Total: 395 creatures vanquished

Notes
Turn   | Place    | Note
-------+----------+-------------------------------------------
     0 | D:1      | CryoSword the Troll Berserker began the quest for the Orb.
     0 | D:1      | Reached XP level 1. HP: 22/22 MP: 0/0
   156 | D:1      | Reached XP level 2. HP: 29/29 MP: 1/1
   259 | D:1      | Found a faded altar of an unknown god.
   704 | D:2      | Found Aroxoumn's Jewellery Shoppe.
   712 | D:2      | Reached XP level 3. HP: 36/36 MP: 2/2
   774 | D:2      | Found Qaoj's Antique Weapon Shop.
   788 | D:2      | Found Fenenauw's Antique Weapon Boutique.
   821 | D:1      | Reached ** piety under Trog
  1275 | D:1      | Reached skill level 1 in Throwing
  1286 | D:1      | Reached XP level 4. HP: 44/44 MP: 3/3
  1294 | D:2      | Reached skill level 4 in Unarmed Combat
  1435 | D:2      | Found Dannaast's General Store.
  1445 | D:2      | Bought a scroll of identify for 26 gold pieces
  1445 | D:2      | Bought a scroll of teleportation for 39 gold pieces
  1494 | D:2      | Identified the +2 pair of boots of Indecent Exposure
                  | {Contam Int+4 SInv}
  1546 | D:2      | Found Idghepp's Antique Weapon Shop.
  2187 | D:3      | Noticed an ice beast
  2190 | D:3      | Killed an ice beast
  2191 | D:3      | Reached XP level 5. HP: 53/53 MP: 4/4
  2493 | D:4      | Noticed a phantom
  2501 | D:4      | Killed a phantom
  2502 | D:4      | Reached skill level 5 in Unarmed Combat
  2502 | D:4      | Reached XP level 6. HP: 53/61 MP: 5/5
  2533 | D:4      | Found a staircase to the Ecumenical Temple.
  2990 | D:4      | Found a stormy altar of Qazlal.
  3003 | D:4      | Reached *** piety under Trog
  3168 | D:4      | Found a bloodstained altar of Trog.
  3283 | D:5      | Entered Level 5 of the Dungeon
  3283 | D:5      | Found a white marble altar of Elyvilon.
  3346 | D:5      | Reached XP level 7. HP: 61/68 MP: 6/6
  3352 | D:5      | Found a runed translucent gate.
  3353 | D:5      | Found a runed translucent gate.
  3354 | D:5      | Found a runed translucent gate.
  3397 | D:2      | Bought a scroll of teleportation for 39 gold pieces
  3397 | D:2      | Bought a scroll of holy word for 97 gold pieces
  3466 | D:5      | Noticed Murumi's ghost (novice FoAK)
  3466 | D:5      | Noticed anet's ghost (novice MiBe)
  3655 | D:5      | Reached skill level 6 in Unarmed Combat
  4492 | D:6      | Reached XP level 8. HP: 67/78 MP: 7/7
  4564 | D:6      | Found Woer's Jewellery Shop.
  4860 | D:7      | Reached skill level 7 in Unarmed Combat
  5465 | D:7      | Reached skill level 8 in Unarmed Combat
  5574 | D:7      | Reached **** piety under Trog
  5578 | D:7      | Reached skill level 5 in Fighting
  5578 | D:7      | Reached skill level 5 in Dodging
  5578 | D:7      | Reached XP level 9. HP: 85/88 MP: 8/8
  5800 | D:7      | Identified the amulet of the Moon {-Cast Regen+ Str+4
                  | Dex+5}
  5855 | D:8      | Found an iron altar of Okawaru.
  6643 | D:8      | Paralysed by a hornet for 3 turns
  6650 | D:8      | Reached skill level 5 in Throwing
  6711 | D:9      | Reached skill level 9 in Unarmed Combat
  7050 | D:9      | Identified the ring of Toigy {rF+ Str+4 Dex+5}
  7211 | D:9      | Found a staircase to the Lair.
  7212 | D:9      | Noticed a komodo dragon
  7213 | D:9      | Noticed a troll
  7232 | D:9      | Killed a troll
  7282 | D:9      | Reached XP level 10. HP: 57/98 MP: 9/9
  7296 | D:9      | Reached skill level 10 in Unarmed Combat
  7447 | D:9      | Found a hazy altar of Hepliaklqana.
  7563 | D:9      | Found a runed translucent door.
  7564 | D:9      | Noticed triki's ghost (novice GnCA)
  7565 | D:9      | Identified the +8 spear "Unugen" {flame, *Slow rF+ MP+9}
  7947 | D:10     | Entered Level 10 of the Dungeon
  7979 | D:10     | Noticed a two-headed ogre
  7979 | D:10     | Noticed a two-headed ogre
  7980 | D:10     | Noticed Lodul
  7980 | D:10     | Noticed a two-headed ogre
  7980 | D:10     | Noticed a two-headed ogre
  7997 | D:10     | Noticed a two-headed ogre
  8014 | D:9      | Killed a two-headed ogre
  8037 | D:10     | Found an ancient bone altar of Kikubaaqudgha.
  8132 | D:10     | Noticed a two-headed ogre
  8132 | D:10     | Noticed a two-headed ogre
  8148 | D:10     | Killed Lodul
  8151 | D:10     | Killed a two-headed ogre
  8155 | D:10     | Killed a two-headed ogre
  8156 | D:10     | Reached skill level 11 in Unarmed Combat
  8162 | D:10     | Killed a two-headed ogre
  8163 | D:10     | Reached XP level 11. HP: 104/107 MP: 10/10
  8169 | D:10     | Noticed a two-headed ogre
  8174 | D:10     | Killed a two-headed ogre
  8182 | D:10     | Killed a two-headed ogre
  8182 | D:10     | Reached ***** piety under Trog
  8194 | D:10     | Killed a two-headed ogre
  8221 | D:10     | Noticed an orc sorcerer
  8228 | D:10     | Killed an orc sorcerer
  8246 | D:10     | Killed a two-headed ogre
  8288 | D:10     | Reached skill level 12 in Unarmed Combat
  8374 | D:10     | Noticed Nergalle
  8374 | D:10     | Noticed a green ugly thing
  8400 | D:10     | Killed Nergalle
  8479 | D:10     | Killed a green ugly thing
  8496 | D:10     | Noticed Joseph
  8506 | D:10     | Killed Joseph
  8617 | D:10     | Identified the +7 war axe "Bella" {venom, rC+ rN+ MP+9}
  9484 | Lair:1   | Entered Level 1 of the Lair of Beasts
  9510 | Lair:1   | Reached XP level 12. HP: 119/119 MP: 11/11
  9567 | Lair:1   | Reached skill level 13 in Unarmed Combat
 10781 | Lair:2   | Reached skill level 14 in Unarmed Combat
 10830 | Lair:2   | Noticed Erica
 10870 | Lair:2   | Reached ****** piety under Trog
 10870 | Lair:2   | Received a gift from Trog
 10886 | Lair:2   | Noticed a death yak
 10907 | Lair:2   | Killed Erica
 10911 | Lair:2   | Killed a death yak
 10986 | Lair:2   | Noticed a death yak
 10991 | Lair:2   | Noticed a death yak
 11000 | Lair:2   | Killed a death yak
 11003 | Lair:2   | Killed a death yak
 11354 | Lair:2   | Reached XP level 13. HP: 130/130 MP: 12/12
 11719 | Lair:3   | Found a hole to the Spider Nest.
 12355 | Lair:4   | Reached skill level 15 in Unarmed Combat
 12416 | Lair:4   | HP: 5/131 [three-headed hydra (13)]
 12416 | Lair:4   | HP: 2/131 [water moccasin (3)]
 12417 | Lair:4   | Slain by a three-headed hydra

Illustrated notes

Levels and vault maps discovered:
D:1:      ncdulo_lavacross, layout_basic, ebering_ecumenical_altar_mist,
          serial_bayou_ford_a
D:2:      layout_basic, serial_shops, nicolae_shop_stone, nicolae_shop_trees,
          nicolae_shop_behind_doors, nicolae_shop_statue_plus,
          nicolae_diamond_shop
D:3:      layout_loops_ring, chequers_serial_rivers_small_a, grunt_ministairs_1
D:4:      layout_basic, trog_butcher_becter, lemuel_round_altar,
          minmay_temple_entry_enclosed_plants
D:5:      layout_cave_pods, amcnicky_altar_gilded, gammafunk_ghost_cemetery
D:6:      layout_cave_pools, serial_shops, shop
D:7:      layout_basic, minmay_manual_maat
D:8:      layout_basic, okawaru_ov_weapons_minmay
D:9:      layout_loops_corners, mainiacjoe_overflow_cross_hatched,
          david_lair_shrubbed, ebering_ghost_funeral_grove
D:10:     cheibrodos_wizards_tower, layout_rooms,
          nicolae_overflow_hidden_temple, xom_butterflies,
          mainiacjoe_overflow_tiny_flanked, amcnicky_mini_pool_small,
          uniq_lodul, uniq_joseph, uniq_nergalle
D:11:     layout_small_grid
Lair:1:   layout_small_grid, beast_lair_carwin_3, grunt_megastairs_3
Lair:2:   layout_cave_pods, grunt_megastairs_2, serial_bayou_shore_a, uniq_erica
Lair:3:   layout_concentric_octagons, spider_nest_entry_web_field,
          grunt_megastairs_4
Lair:4:   layout_misc_corridors, nicolae_swamp_entry_splash_gauntlet,
          kennysheep_basilisk_garden, infiniplex_staircase_pool_2,
          lemuel_fruit_tree

Skill      XL: |  1  2  3  4  5  6  7  8  9 10 11 12 13 |
---------------+----------------------------------------+-----
Throwing       | 1 2 3 4 5 6 8 9 |  9.7
Unarmed Combat | 4 5 6 8 9 11 12 14 15 | 15.2
Dodging        | 3 4 5 6 7 8 9 |  9.4
Fighting       | 3 4 5 6 7 8 9 |  9.4

Action                   |  1- 3 |  4- 6 |  7- 9 | 10-12 | 13-15 || total
-------------------------+-------+-------+-------+-------+-------++-------
Melee: Unarmed           |    92 |   131 |   283 |   396 |   147 ||  1049
       Punch             |     4 |     2 |    10 |    35 |    20 ||    71
       Scimitar          |       |       |       |       |    17 ||    17
Throw: Large rock        |       |     3 |     1 |     7 |       ||    11
Invok: Berserk           |       |     1 |     6 |     7 |     1 ||    15
       Trog's Hand       |       |     1 |     2 |     3 |     3 ||     9
  Use: Scroll            |       |     1 |     6 |     2 |     3 ||    12
       Potion            |       |       |       |     2 |     7 ||     9
 Stab: Sleeping          |     1 |       |       |       |       ||     1
       Distracted        |       |     1 |       |       |       ||     1
Armor: Animal skin       |    31 |    33 |    58 |       |       ||   122
       Troll leather arm |       |       |       |    65 |    48 ||   113
Dodge: Dodged            |    43 |    83 |   164 |   304 |   170 ||   764

Table legend: (Time is in decaauts)
 A = Elapsed time spent in this place.
 B = Non-inter-level travel time spent in this place.
 C = Inter-level travel time spent in this place.
 D = Time resting spent in this place.
 E = Time spent auto-exploring this place.
 F = Levels seen in this place.
 G = Mean time per level.
                   A        B        C        D        E       F      G
               +--------+--------+--------+--------+--------+-----+--------+
         Total |  12406 |  11698 |    708 |    370 |   9006 |  15 |  827.1 |
       Dungeon |   9537 |   8897 |    640 |    365 |   6902 |  11 |  867.0 |
          Lair |   2869 |   2801 |     68 |      4 |   2103 |   4 |  717.2 |
               +--------+--------+--------+--------+--------+-----+--------+

Top non-repeatable levels by time:
     D:9: 1377 daAuts
     D:1: 1212 daAuts
  Lair:2: 1089 daAuts
     D:7: 1009 daAuts
     D:5: 957 daAuts
  Lair:1: 891 daAuts
     D:8: 847 daAuts
    D:10: 841 daAuts
     D:4: 809 daAuts
     D:2: 683 daAuts
     D:3: 674 daAuts
  Lair:3: 638 daAuts
    D:11: 620 daAuts
     D:6: 504 daAuts
  Lair:4: 250 daAuts
